 Dungeon Crawl Stone Soup version 0.27.1-4-g1640c2035a (webtiles) character file.

Game seed: 2159886804809080727

417 H0rd4k the Charlatan (level 7, -13/51 HPs)
             Began as a Human Artificer on Oct 26, 2021.
             Was an Initiate of Gozag.
             Killed by divine providence
             ... invoked by an orc priest
              (16 damage)
             ... on level 3 of the Dungeon on Nov 2, 2021.
             The game lasted 00:07:08 (6591 turns).

H0rd4k the Charlatan (Human Artificer)              Turns: 6591, Time: 00:07:09

Health: -13/51     AC:  3    Str: 13    XL:     7   Next: 15%
Magic:  7/7        EV: 12    Int: 12    God:    Gozag
Gold:   258        SH:  0    Dex: 14    Spells: 6/6 levels left

rFire    . . .     SeeInvis .   q - +1 dagger (speed)
rCold    . . .     Faith    .   (no shield)
rNeg     . . .     Spirit   .   b - +0 leather armour
rPois    .         Reflect  .   (no helmet)
rElec    .         Harm     .   (no cloak)
rCorr    .         Rampage  .   (no gloves)
Will     .....                  (no boots)
Stlth    +.........             (no amulet)
HPRegen  0.17/turn              (no ring)
MPRegen  0.10/turn              (no ring)

@: lethally poisoned (-13 -> -25)
A: no striking features
a: Renounce Religion, Potion Petition, Call Merchant, Bribe Branch


You were on level 3 of the Dungeon.
You worshipped Gozag.
Gozag was aware of your devotion.
You visited 2 branches of the dungeon, and saw 6 of its levels.

You collected 319 gold pieces.
You paid 61 gold pieces to Gozag.

Inventory:

Hand Weapons
 q - a +1 dagger of speed (weapon)
Missiles
 n - 16 poisoned darts (quivered)
Armour
 b - a +0 leather armour (worn)
Jewellery
 i - a ring of fire
Scrolls
 h - 3 scrolls of identify {unknown}
 k - a scroll of acquirement {unknown}
 m - 2 scrolls of teleportation {unknown}
 o - 2 scrolls of fear {unknown}
Potions
 a - a potion of ambrosia {unknown}
 f - a potion of cancellation {unknown}
 j - a potion of curing
 l - 3 potions of lignification {unknown}
 p - 2 potions of haste {unknown}
Miscellaneous
 e - a piece from Xom's chessboard (14/15)


   Skills:
 + Level 2.8 Fighting
 + Level 3.1 Short Blades
 + Level 1.1 Throwing
 - Level 2.0 Armour
 + Level 3.0 Dodging
 - Level 1.0 Stealth
 + Level 5.0 Evocations


You had 6 spell levels left.
You didn't know any spells.
Your spell library was empty.

Dungeon Overview and Level Annotations

Branches:
Dungeon (5/15)             Temple (1/1) D:4

Altars:
Ashenzari
Cheibriados
Fedhas
Gozag
Hepliaklqana
Makhleb
Nemelex Xobeh
Qazlal
Trog
Vehumet
Xom

Annotations:
D:1 exclusion: downstairs
D:2 Sigmund
D:4 Edmund


Message History

You feel sick.
You hit the orc priest but do no damage.
The orc priest is moderately wounded.
You feel sick. The orc priest barely misses you.
You barely miss the orc priest.
The orc priest is moderately wounded.
You feel sick.
You hit the orc priest.
The orc priest is heavily wounded.
You feel sick.
The orc priest hits you with a +2 trident of venom.
* * * LOW HITPOINT WARNING * * *
You hit the orc priest but do no damage.
The orc priest is heavily wounded.
You hit the orc priest.
The orc priest is severely wounded.
You feel sick. The orc priest barely misses you.
It was a potion of curing.
You feel better.
The orc priest hits you with a +2 trident of venom!
You are poisoned.
You hit the orc priest.
The orc priest is almost dead.
You feel sick. The orc closely misses you.
The orc priest hits you with a +2 trident of venom!
* * * LOW HITPOINT WARNING * * *
You are lethally poisoned!
You barely miss the orc priest.
The orc priest is almost dead.
* * * LOW HITPOINT WARNING * * *
You feel sick.
You closely miss the orc priest.
The orc priest is almost dead.
* * * LOW HITPOINT WARNING * * *
You feel sick. The orc hits you with a +0 war axe.
* * * LOW HITPOINT WARNING * * *
The orc closely misses you.
The orc priest calls down the wrath of Beogh upon you.
Beogh smites you!
You die...
Your body crumbles into a pile of gold.

#########
#........
##########.######
#............o..#
$
#.########.####.#
#.# #.# #.# #.#
#.# #.# #.# #o#
#.# #.#
#@####.#######
#.#
#oo...(.......
#.#
#.####.######.
#.# #.# #.# #.#
#.# #.#
#######.### #.#
#.# ..........#
#.# #.#
.######.#.#
####.####.# .#
#...#.#
#.........# $


You could see an orc priest and 2 orcs.

Vanquished Creatures
  Blork the orc (D:4)
  A water moccasin skeleton (D:4)
  A howler monkey (D:4)
  A hound (D:4)
  Jessica (D:2)
  An iguana (D:2)
  Robin (D:4)
  A gnoll (D:2)
  4 adders
  2 worms (D:2)
  4 orcs
  3 ball pythons
  5 bats
  5 endoplasms
  2 giant cockroaches
  5 hobgoblins
  4 jackals
  2 quokkas
  2 frilled lizards (D:1)
  4 goblins
  4 kobolds
  4 rats
58 creatures vanquished.

Vanquished Creatures (collateral kills)
  An orc priest (D:4)
  An iguana (D:4)
  An orc wizard (D:4)
  3 gnolls (D:2)
  2 orcs (D:4)
  2 hobgoblins (D:4)
  A quokka (D:2)
  8 goblins (D:4)
19 creatures vanquished.

Vanquished Creatures (others)
  A jelly (D:4)
  An orc priest (D:4)
  2 goblins (D:4)
4 creatures vanquished.

Grand Total: 81 creatures vanquished

Notes
Turn   | Place    | Note
-------+----------+-------------------------------------------
     0 | D:1      | H0rd4k the Human Artificer began the quest for the Orb.
     0 | D:1      | Reached XP level 1. HP: 15/15 MP: 1/1
   204 | D:1      | Found a faded altar of an unknown god.
   352 | D:1      | Reached XP level 2. HP: 16/21 MP: 2/2
  1380 | D:2      | Reached XP level 3. HP: 18/26 MP: 3/3
  1383 | D:1      | Upgraded the game from 0.27.1-3-gb3d3a73c9e to
                  | 0.27.1-4-g1640c2035a
  1525 | D:2      | Reached skill level 4 in Evocations
  1587 | D:2      | Noticed Jessica
  1594 | D:2      | Killed Jessica
  1595 | D:2      | Reached XP level 4. HP: 16/32 MP: 4/4
  2092 | D:2      | Noticed Sigmund
  2397 | D:2      | Reached skill level 1 in Short Blades
  2957 | D:2      | Reached XP level 5. HP: 24/38 MP: 5/5
  3995 | D:3      | Found a burning altar of Makhleb.
  4460 | D:4      | Reached XP level 6. HP: 11/44 MP: 6/6
  4708 | D:4      | Found a staircase to the Ecumenical Temple.
  4736 | Temple   | Entered the Ecumenical Temple
  4779 | Temple   | Became a worshipper of Gozag Ym Sagoz the Greedy
  5203 | D:4      | Noticed Edmund
  5241 | D:4      | Noticed Robin
  5281 | D:4      | Your ally died
  5470 | D:4      | Noticed Blork the orc
  5528 | D:4      | Killed Blork the orc
  5597 | D:5      | Entered Level 5 of the Dungeon
  5745 | D:4      | Reached skill level 1 in Throwing
  5745 | D:4      | Reached XP level 7. HP: 44/51 MP: 7/7
  6087 | D:4      | Reached skill level 5 in Evocations
  6591 | D:3      | Killed from afar by an orc priest

Illustrated notes

Levels and vault maps discovered:
D:1:      scummos_arrival_forest, layout_loops_corners,
          ebering_ecumenical_altar_abandoned, minmay_pentomino_z4
D:2:      layout_loops_cross, supply_closet_lemuel, uniq_sigmund, uniq_jessica
D:3:      layout_basic, general_overflow_altar, mainiacjoe_overflow_24_doors,
          minmay_puff, uniq_natasha
D:4:      layout_gridville, mainiacjoe_overflow_brackets, temple_doors_e,
          uniq_edmund, uniq_robin, uniq_blork_the_orc
D:5:      layout_basic, chequers_serial_rivers_micro_c
Temple:   nicolae_temple_hex_pool

Skill      XL: |  1  2  3  4  5  6  7 |
---------------+----------------------+-----
Evocations     | 4 5 |  5.0
Short Blades   | 1 2 3 |  3.1
Fighting       | 2 |  2.8
Dodging        | 2 3 |  3.0
Throwing       | 1 |  1.1
Armour         | |  2.0
Stealth        | |  1.0

Action                   |  1- 3 |  4- 6 |  7- 9 || total
-------------------------+-------+-------+-------++-------
Melee: Club              |    25 |       |       ||    25
       Dagger            |    41 |   249 |    57 ||   347
Throw: Dart              |       |     9 |       ||     9
Evoke: Wand              |     7 |    23 |       ||    30
       Piece from Xom's  |       |       |     1 ||     1
  Use: Potion            |       |       |     1 ||     1
 Stab: Sleeping          |     2 |     1 |       ||     3
       Distracted        |       |     1 |       ||     1
Armor: Leather armour    |    16 |    40 |     6 ||    62
Dodge: Dodged            |    49 |   136 |    20 ||   205
